Inferno vs Punishers
Created - December 4, 2019 at 19:19
Goals
|
| Inferno |
1 |
3 |
3 |
0 |
3 |
8 |
| Punishers |
2 |
3 |
2 |
0 |
2 |
7 |
|
Shots
|
| Inferno |
10 |
8 |
14 |
0 |
5 |
32 |
| Punishers |
12 |
13 |
6 |
1 |
5 |
32 |
|
1st period
1. Punishers , Carter Ashton 8 (Radek Faksa 5) at 4:03
2. Inferno , Anders Lee 13 (Matt Kassian 5) at 5:12
3. Punishers , Nikita Gusev 10 (John Quenneville 10) at 10:49
Penalties :
No Penalty
2nd period
4. Inferno , Tanner Pearson 8 (Vladimir Sobotka 2) at 0:39
5. Punishers , Miikka Salomaki 15 (Adam Pelech 4, Andreas Athanasiou 6) at 2:43
6. Punishers , Nikita Gusev 11 (Madison Bowey 4) at 3:49
7. Inferno , Tanner Pearson 9 (Anders Lee 12) at 8:36 (PP)
8. Inferno , Vladimir Sobotka 1 (Tanner Pearson 7, Greg Pateryn 1) at 10:48
9. Punishers , Adam Pelech 1 (Slava Voynov 10, Garret Ross 4) at 13:20 (PP)
Penalties :
Vladimir Sobotka (Anc) for Cross-checking (Minor) at 4:03, John Quenneville (Pro) for Hooking (Minor) at 6:37, Philip Varone (Anc) for High sticking (Minor) at 13:06
3rd period
10. Inferno , Matthew Nieto 7 (Esa Lindell 13, Kevin Labanc 12) at 4:32 (PP)
11. Punishers , John Macfarland 4 (Slava Voynov 11, Daniel Audette 1) at 8:18
12. Punishers , Garret Ross 5 (Slava Voynov 12) at 13:57
13. Inferno , Bryan Rust 6 (Vladimir Sobotka 3, Tanner Pearson 8) at 14:05
14. Inferno , Bryan Rust 7 (Tanner Pearson 9, Esa Lindell 14) at 19:51
Penalties :
Garret Ross (Pro) for Holding (Minor) at 0:06, Carter Ashton (Pro) for Holding (Minor) at 2:59, Anders Lee (Anc) for Hooking (Minor) at 15:35
Overtime #1
No Goal
Penalties :
No Penalty
Shootout
Inferno, Anders Lee - Stopped by Louis Domingue
Punishers, Miikka Salomaki - Stopped by Michael Hutchinson
Inferno, Tanner Pearson - Goal!
Punishers, Andreas Athanasiou - Goal!
Inferno, Oliver Bjorkstrand - Stopped by Louis Domingue
Punishers, Garret Ross - Stopped by Michael Hutchinson
Inferno, Victor Rask - Goal!
Punishers, Carter Ashton - Goal!
Inferno, Bryan Rust - Goal!
Punishers, Radek Faksa - Stopped by Michael Hutchinson
Penalties :
No Penalty
Goalie Stats
Christopher Gibson (Anc), 12 saves from 16 shots - (0.750), 23:49 minutes
Michael Hutchinson (Anc), 13 saves from 16 shots - (0.813), W, 2-4-0, 40:51 minutes
Louis Domingue (Pro), 25 saves from 32 shots - (0.781), OTL, 9-4-2, 65:00 minutes
Players Stats for Inferno
Player Name G A P +/- PIM S H SB GA TA FO MP PP MP PK MP
------------------------------------------------------------------------------------
Anders Lee 1 1 2 0 2 3 1 0 2 0 11/20 19:21 2:34 1:02
Bryan Rust 2 0 2 1 0 5 0 1 0 0 1/2 22:59 0:00 2:17
Christian Folin 0 0 0 2 0 4 2 5 1 4 0/0 25:06 1:21 2:43
David Savard 0 0 0 -3 0 1 2 3 2 0 0/0 28:31 4:10 1:29
Esa Lindell 0 2 2 -2 0 1 3 1 1 1 0/0 27:46 4:10 0:00
Greg Pateryn 0 1 1 1 0 1 4 2 0 1 0/0 24:37 1:21 2:43
John Gilmour 0 0 0 0 0 0 0 1 0 0 0/0 10:58 0:00 0:00
Kevin Labanc 0 1 1 0 0 2 1 0 4 0 1/1 16:51 2:57 0:00
Mathieu Brodeur 0 0 0 0 0 0 0 0 0 0 0/0 13:02 0:00 1:29
Matt Kassian 0 1 1 0 0 0 3 1 0 0 0/0 14:56 0:00 0:13
Matthew Nieto 1 0 1 0 0 3 0 0 0 0 0/1 16:30 2:57 1:32
Oliver Bjorkstrand 0 0 0 -1 0 0 1 0 0 0 0/0 12:59 2:34 0:00
Peter Cehlarik 0 0 0 -1 0 1 1 0 0 1 0/0 8:35 0:00 0:00
Philip Varone 0 0 0 -1 2 1 1 0 0 1 3/5 12:32 0:00 1:40
Tanner Pearson 2 3 5 1 0 6 2 0 1 0 0/2 21:39 2:34 0:10
Tyler Shattock 0 0 0 -1 0 2 2 1 0 0 0/0 8:26 0:00 0:00
Victor Rask 0 0 0 -1 0 0 0 0 0 0 4/7 12:05 2:57 0:15
Vladimir Sobotka 1 2 3 0 2 2 2 0 1 2 18/37 18:52 0:00 1:15
Players Stats for Punishers
Player Name G A P +/- PIM S H SB GA TA FO MP PP MP PK MP
------------------------------------------------------------------------------------
Adam Pelech 1 1 2 0 0 2 4 5 1 3 0/0 31:06 2:33 3:05
Alex Schoenborn 0 0 0 0 0 0 0 0 0 0 0/0 2:16 0:18 0:00
Andreas Athanasiou 0 1 1 -2 0 4 1 1 1 1 22/44 25:20 2:19 3:03
Austen Brassard 0 0 0 1 0 0 0 0 0 0 0/0 11:24 0:00 0:00
Ben Betker 0 0 0 -1 0 0 2 1 0 0 0/0 13:29 0:00 0:00
Carter Ashton 1 0 1 1 2 3 3 1 1 0 1/1 18:08 1:42 1:08
Daniel Audette 0 1 1 1 0 0 1 0 0 0 0/1 6:20 0:00 0:00
Dylan DeMelo 0 0 0 -1 0 0 0 0 0 0 0/0 13:33 0:00 0:00
Garret Ross 1 1 2 -2 2 2 2 0 0 1 3/4 22:13 2:12 0:56
John Macfarland 1 0 1 1 0 2 1 0 2 0 0/0 7:33 0:00 0:55
John Quenneville 0 1 1 1 2 3 3 0 0 0 5/9 13:09 0:00 0:58
Jordan Schmaltz 0 0 0 2 0 2 0 1 2 1 0/0 20:33 1:39 2:26
Madison Bowey 0 1 1 2 0 1 1 1 0 3 0/0 20:33 1:39 2:26
Michael Joly 0 0 0 1 0 0 1 0 0 0 0/0 6:31 0:11 0:00
Miikka Salomaki 1 0 1 -2 0 4 2 0 1 0 2/7 25:20 2:19 3:03
Nikita Gusev 2 0 2 1 0 4 2 1 0 0 0/1 13:33 0:11 0:00
Radek Faksa 0 1 1 1 0 0 0 0 0 1 4/8 16:49 1:42 0:59
Slava Voynov 0 3 3 0 0 4 1 1 1 2 0/0 30:46 2:33 3:05
Tyler Bertuzzi 0 0 0 1 0 1 1 0 1 0 0/0 15:50 1:42 0:00
3 Stars
1 - Tanner Pearson (Anc)
2 - Nikita Gusev (Pro)
3 - Bryan Rust (Anc)
Power Play
Inferno - 2 on 3 Attempt(s) - 66.67%
Punishers - 1 on 3 Attempt(s) - 33.33%
Penalty Kill
Inferno - 2 on 3 Attempt(s) - 66.67%
- Score 0 goal in Penalty Kill
Punishers - 1 on 3 Attempt(s) - 33.33%
- Score 0 goal in Penalty Kill
Team Stat
Inferno - Hits : 25 - Faceoff Wins : 38 - Blocked Shots : 15 - Penalty Minutes : 6
Punishers - Hits : 25 - Faceoff Wins : 37 - Blocked Shots : 12 - Penalty Minutes : 6
Official
Referees : Unknown
Linesman : Unknown
Game Notes
Michael Hutchinson enters game at 3:49 of 2nd period
13:20 of 2nd period - Punishers goal is going for a video replay. After video review, Goal.
Finance
Level 1 -- Attendance: 1419 (70.95%) -- Ticket Income $56,760
Level 2 -- Attendance: 724 (72.40%) -- Ticket Income $14,480
Total Attendance: 2143 (71.43%)
Total Ticket Income: $71,240
Other Income: $3,562
Total Income: $74,802
Inferno
5 vs 5 Forward
Center Left Wing Right Wing Time % Phy DF OF
1 Vladimir Sobotka Tanner Pearson Bryan Rust 40 1 2 2
2 Anders Lee Matt Kassian Kevin Labanc 30 1 2 2
3 Philip Varone Matthew Nieto Oliver Bjorkstrand 20 1 2 2
4 Victor Rask Peter Cehlarik Tyler Shattock 10 1 2 2
5 vs 5 Defense
Defense Defense Time % Phy DF OF
1 Esa Lindell David Savard 40 1 2 2
2 Greg Pateryn Christian Folin 30 1 2 2
3 John Gilmour Mathieu Brodeur 20 1 2 2
4 Greg Pateryn Christian Folin 10 1 2 2
PowerPlay Forward
Center Left Wing Right Wing Time % Phy DF OF
1 Anders Lee Tanner Pearson Oliver Bjorkstrand 60 1 2 2
2 Victor Rask Matthew Nieto Kevin Labanc 40 1 2 2
PowerPlay Defense
Defense Defense Time % Phy DF OF
1 Esa Lindell David Savard 60 1 2 2
2 Greg Pateryn Christian Folin 40 1 2 2
Penalty Kill 4 Players Forward
Center Wing Time % Phy DF OF
1 Vladimir Sobotka Bryan Rust 60 1 2 2
2 Philip Varone Matt Kassian 40 1 2 2
Penalty Kill 4 Players Defense
Defense Defense Time % Phy DF OF
1 Greg Pateryn Christian Folin 60 1 2 2
2 Mathieu Brodeur David Savard 40 1 2 2
Penalty Kill - 3 Players Forward
Forward Time % Phy DF OF
1 Vladimir Sobotka 60 1 2 2
2 Bryan Rust 40 1 2 2
Penalty Kill - 3 Players Defense
Defense Defense Time % Phy DF OF
1 Greg Pateryn Christian Folin 60 1 2 2
2 Mathieu Brodeur David Savard 40 1 2 2
4 vs 4 Forward
Center Wing Time % Phy DF OF
1 Anders Lee Bryan Rust 60 1 2 2
2 Philip Varone Matt Kassian 40 1 2 2
4 vs 4 Defense
Defense Defense Time % Phy DF OF
1 Esa Lindell David Savard 60 1 2 2
2 Greg Pateryn Christian Folin 40 1 2 2
Last Minutes Offensive
Center Left Wing Right Wing Defense Defense
Anders Lee Tanner Pearson Bryan Rust Esa Lindell Christian Folin
Last Minutes Defensive
Center Left Wing Right Wing Defense Defense
Vladimir Sobotka Tanner Pearson Bryan Rust Greg Pateryn David Savard
Goaltenders
Starting : Christopher Gibson
Backup : Michael Hutchinson
Extra Forwards
Normal : Bryan Rust, Matthew Nieto, Oliver Bjorkstrand - PP : Matthew Nieto, Oliver Bjorkstrand - PK : Bryan Rust
Extra Defensemen
Normal : David Savard, Esa Lindell, Mathieu Brodeur - PP : Esa Lindell - PK : David Savard, Mathieu Brodeur
Penalty Shots
Anders Lee, Tanner Pearson, Oliver Bjorkstrand, Victor Rask, Bryan Rust
Scratches
Chris Brown (Healthy), Frank Corrado (Bruised Right Foot Injury), Ryan Spooner (Healthy), Trevor Carrick (Healthy), Petteri Lindbohm (Healthy)
Eric Karlsson (Healthy), Vladimir Zharkov (Healthy), Ryan Donato (Healthy), Vladislav Kamenev (Healthy), Dominik Masin (Healthy)
Brandon Hickey (Healthy), Nathan Lieuwen (Healthy), Vitek Vanecek (Healthy)
Punishers
5 vs 5 Forward
Center Left Wing Right Wing Time % Phy DF OF
1 Andreas Athanasiou Garret Ross Miikka Salomaki 40 1 2 2
2 Radek Faksa Tyler Bertuzzi Carter Ashton 30 1 2 2
3 John Quenneville Nikita Gusev Austen Brassard 20 1 2 2
4 Daniel Audette John Macfarland Michael Joly 10 1 2 2
5 vs 5 Defense
Defense Defense Time % Phy DF OF
1 Slava Voynov Adam Pelech 40 1 2 2
2 Jordan Schmaltz Madison Bowey 30 1 2 2
3 Dylan DeMelo Ben Betker 20 1 2 2
4 Slava Voynov Adam Pelech 10 1 2 2
PowerPlay Forward
Center Left Wing Right Wing Time % Phy DF OF
1 Andreas Athanasiou Garret Ross Miikka Salomaki 60 1 2 2
2 Radek Faksa Tyler Bertuzzi Carter Ashton 40 1 2 2
PowerPlay Defense
Defense Defense Time % Phy DF OF
1 Slava Voynov Adam Pelech 60 1 2 2
2 Jordan Schmaltz Madison Bowey 40 1 2 2
Penalty Kill 4 Players Forward
Center Wing Time % Phy DF OF
1 Miikka Salomaki Andreas Athanasiou 60 1 2 2
2 Garret Ross Carter Ashton 40 1 2 2
Penalty Kill 4 Players Defense
Defense Defense Time % Phy DF OF
1 Slava Voynov Adam Pelech 60 1 2 2
2 Jordan Schmaltz Madison Bowey 40 1 2 2
Penalty Kill - 3 Players Forward
Forward Time % Phy DF OF
1 Miikka Salomaki 60 1 2 2
2 Andreas Athanasiou 40 1 2 2
Penalty Kill - 3 Players Defense
Defense Defense Time % Phy DF OF
1 Slava Voynov Adam Pelech 60 1 2 2
2 Jordan Schmaltz Madison Bowey 40 1 2 2
4 vs 4 Forward
Center Wing Time % Phy DF OF
1 Miikka Salomaki Andreas Athanasiou 60 1 2 2
2 Garret Ross Carter Ashton 40 1 2 2
4 vs 4 Defense
Defense Defense Time % Phy DF OF
1 Slava Voynov Adam Pelech 60 1 2 2
2 Jordan Schmaltz Madison Bowey 40 1 2 2
Last Minutes Offensive
Center Left Wing Right Wing Defense Defense
Andreas Athanasiou Garret Ross Miikka Salomaki Slava Voynov Adam Pelech
Last Minutes Defensive
Center Left Wing Right Wing Defense Defense
Andreas Athanasiou Garret Ross Miikka Salomaki Slava Voynov Adam Pelech
Goaltenders
Starting : Louis Domingue
Backup : Daniel Altshuller
Extra Forwards
Normal : Alex Schoenborn, Nikita Gusev, John Quenneville - PP : Alex Schoenborn, Nikita Gusev - PK : John Quenneville
Extra Defensemen
Normal : Dylan DeMelo, Ben Betker, Jordan Schmaltz - PP : Dylan DeMelo - PK : Ben Betker, Jordan Schmaltz
Penalty Shots
Miikka Salomaki, Andreas Athanasiou, Garret Ross, Carter Ashton, Radek Faksa
Scratches
Robbie Earl (Sprained Left Ankle Injury), Zack Hamill (Healthy)
% Time on Ice - Inferno
Lines # - Real PCT - Wanted PCT - Time Play
Normal Forward
1 - 36% - 40% - 17:39
2 - 28% - 30% - 13:57
3 - 19% - 20% - 9:11
4 - 17% - 10% - 8:26
Normal Defense
1 - 42% - 40% - 20:44
2 - 30% - 30% - 14:47
3 - 21% - 20% - 10:23
4 - 7% - 10% - 3:19
PP Forward
1 - 47% - 60% - 2:34
2 - 53% - 40% - 2:57
PP Defense
1 - 76% - 60% - 4:10
2 - 24% - 40% - 1:21
PK Forward
1 - 95% - 60% - 3:59
2 - 5% - 40% - 0:13
PK Defense
1 - 65% - 60% - 2:43
2 - 35% - 40% - 1:29
PK3 Forward
1 - 0% - 60%
2 - 0% - 40%
PK3 Defense
1 - 0% - 60%
2 - 0% - 40%
44 Forward
1 - 84% - 60% - 4:13
2 - 16% - 40% - 0:47
44 Defense
1 - 55% - 60% - 2:44
2 - 45% - 40% - 2:16
Last Minute Offensive - 1:04
Last Minute Defensive - 0:00
Total
Forward - 65:00
Defense - 65:00
|
% Time on Ice - Punishers
Lines # - Real PCT - Wanted PCT - Time Play
Normal Forward
1 - 34% - 40% - 16:50
2 - 30% - 30% - 14:38
3 - 23% - 20% - 11:24
4 - 13% - 10% - 6:20
Normal Defense
1 - 39% - 40% - 19:01
2 - 29% - 30% - 14:27
3 - 26% - 20% - 12:56
4 - 6% - 10% - 2:48
PP Forward
1 - 60% - 60% - 2:30
2 - 40% - 40% - 1:42
PP Defense
1 - 61% - 60% - 2:33
2 - 39% - 40% - 1:39
PK Forward
1 - 72% - 60% - 3:58
2 - 28% - 40% - 1:33
PK Defense
1 - 56% - 60% - 3:05
2 - 44% - 40% - 2:26
PK3 Forward
1 - 0% - 60%
2 - 0% - 40%
PK3 Defense
1 - 0% - 60%
2 - 0% - 40%
44 Forward
1 - 76% - 60% - 3:49
2 - 24% - 40% - 1:11
44 Defense
1 - 60% - 60% - 2:59
2 - 40% - 40% - 2:01
Last Minute Offensive - 0:00
Last Minute Defensive - 1:05
Total
Forward - 65:00
Defense - 65:00
|
Play-by-Play
1st period
0:01 of 1st period - Andreas Athanasiou wins face-off versus Vladimir Sobotka in neutral zone.
0:14 of 1st period - David Savard is hit by Miikka Salomaki and loses puck.
0:29 of 1st period - David Savard is hit by Adam Pelech and loses puck.
0:34 of 1st period - Snap shot by Carter Ashton.
0:34 of 1st period - Stopped by Christopher Gibson with a rebound.
0:56 of 1st period - Snap shot by John Macfarland.
0:56 of 1st period - Stopped by Christopher Gibson without a rebound.
0:57 of 1st period - Victor Rask wins face-off versus Daniel Audette in Inferno zone.
1:12 of 1st period - Snap shot by Christian Folin.
1:12 of 1st period - Shot Misses the Net.
1:18 of 1st period - Wrist shot by Dylan DeMelo.
1:18 of 1st period - Shot Misses the Net.
1:20 of 1st period - Slapshot by Jordan Schmaltz.
1:20 of 1st period - Shot Blocked by Christian Folin.
1:22 of 1st period - Slapshot by Madison Bowey.
1:22 of 1st period - Shot Misses the Net.
2:19 of 1st period - Slapshot by Andreas Athanasiou.
2:19 of 1st period - Shot Misses the Net.
2:21 of 1st period - Snap shot by Andreas Athanasiou.
2:21 of 1st period - Stopped by Christopher Gibson with a rebound.
2:23 of 1st period - Slapshot by Slava Voynov.
2:23 of 1st period - Shot Misses the Net.
3:03 of 1st period - Jordan Schmaltz is hit by Matt Kassian and loses puck.
3:38 of 1st period - Peter Cehlarik is hit by Ben Betker.
3:57 of 1st period - Backhand shot by Carter Ashton.
3:57 of 1st period - Stopped by Christopher Gibson without a rebound.
3:58 of 1st period - Carter Ashton wins face-off versus Vladimir Sobotka in Inferno zone.
4:03 of 1st period - Snap shot by Carter Ashton.
4:03 of 1st period - Goal by Carter Ashton - Inferno : 0 - Punishers : 1.
4:04 of 1st period - Andreas Athanasiou wins face-off versus Vladimir Sobotka in neutral zone.
4:54 of 1st period - Jordan Schmaltz is hit by Matt Kassian.
5:12 of 1st period - Snap shot by Anders Lee.
5:12 of 1st period - Goal by Anders Lee - Inferno : 1 - Punishers : 1.
5:13 of 1st period - Vladimir Sobotka wins face-off versus Andreas Athanasiou in neutral zone.
5:20 of 1st period - Snap shot by Tanner Pearson.
5:20 of 1st period - Stopped by Louis Domingue without a rebound.
5:21 of 1st period - Andreas Athanasiou wins face-off versus Vladimir Sobotka in Punishers zone.
5:36 of 1st period - Garret Ross is hit by Vladimir Sobotka and loses puck.
5:43 of 1st period - Snap shot by Vladimir Sobotka.
5:43 of 1st period - Shot Blocked by Adam Pelech.
5:45 of 1st period - Slapshot by Vladimir Sobotka.
5:45 of 1st period - Shot Misses the Net.
5:47 of 1st period - Slapshot by Greg Pateryn.
5:47 of 1st period - Stopped by Louis Domingue with a rebound.
5:49 of 1st period - Snap shot by Vladimir Sobotka.
5:49 of 1st period - Deflect By Tanner Pearson.
5:49 of 1st period - Stopped by Louis Domingue with a rebound.
6:31 of 1st period - Snap shot by Tanner Pearson.
6:31 of 1st period - Shot Misses the Net.
6:33 of 1st period - Slapshot by Christian Folin.
6:33 of 1st period - Shot Misses the Net.
6:35 of 1st period - Slapshot by Christian Folin.
6:35 of 1st period - Stopped by Louis Domingue without a rebound.
6:36 of 1st period - Philip Varone wins face-off versus Radek Faksa in Punishers zone.
7:01 of 1st period - Matt Kassian is hit by John Quenneville and loses puck.
7:12 of 1st period - Wrist shot by John Quenneville.
7:12 of 1st period - Shot Blocked by David Savard.
7:50 of 1st period - Icing by Ben Betker.
7:51 of 1st period - Philip Varone wins face-off versus Radek Faksa in Punishers zone.
8:26 of 1st period - Wrist shot by Philip Varone.
8:26 of 1st period - Shot Misses the Net.
8:28 of 1st period - Slapshot by Matthew Nieto.
8:28 of 1st period - Shot Blocked by Ben Betker.
8:48 of 1st period - Wrist shot by Philip Varone.
8:48 of 1st period - Stopped by Louis Domingue with a rebound.
9:31 of 1st period - Wrist shot by Matthew Nieto.
9:31 of 1st period - Stopped by Louis Domingue with a rebound.
9:33 of 1st period - Slapshot by Christian Folin.
9:33 of 1st period - Shot Misses the Net.
9:43 of 1st period - Snap shot by Matthew Nieto.
9:43 of 1st period - Shot Misses the Net.
9:45 of 1st period - Slapshot by Christian Folin.
9:45 of 1st period - Stopped by Louis Domingue without a rebound.
9:46 of 1st period - Andreas Athanasiou wins face-off versus Vladimir Sobotka in Punishers zone.
9:54 of 1st period - Off-side.
9:55 of 1st period - Vladimir Sobotka wins face-off versus Andreas Athanasiou in neutral zone.
10:21 of 1st period - Icing by Miikka Salomaki.
10:22 of 1st period - Andreas Athanasiou wins face-off versus Anders Lee in Punishers zone.
10:39 of 1st period - Snap shot by Miikka Salomaki.
10:39 of 1st period - Shot Blocked by Christian Folin.
10:41 of 1st period - Snap shot by Andreas Athanasiou.
10:41 of 1st period - Shot Blocked by Greg Pateryn.
10:43 of 1st period - Snap shot by Andreas Athanasiou.
10:43 of 1st period - Stopped by Christopher Gibson without a rebound.
10:44 of 1st period - John Quenneville wins face-off versus Vladimir Sobotka in Inferno zone.
10:49 of 1st period - Snap shot by Nikita Gusev.
10:49 of 1st period - Goal by Nikita Gusev - Inferno : 1 - Punishers : 2.
10:50 of 1st period - John Quenneville wins face-off versus Anders Lee in neutral zone.
10:58 of 1st period - Wrist shot by Nikita Gusev.
10:58 of 1st period - Stopped by Christopher Gibson without a rebound.
10:59 of 1st period - Anders Lee wins face-off versus John Quenneville in Inferno zone.
11:20 of 1st period - Madison Bowey is hit by Anders Lee and loses puck.
11:31 of 1st period - Snap shot by Nikita Gusev.
11:31 of 1st period - Shot Blocked by Matt Kassian.
11:33 of 1st period - Slapshot by Madison Bowey.
11:33 of 1st period - Stopped by Christopher Gibson with a rebound.
11:35 of 1st period - Wrist shot by Nikita Gusev.
11:35 of 1st period - Stopped by Christopher Gibson without a rebound.
11:36 of 1st period - Vladimir Sobotka wins face-off versus Andreas Athanasiou in Inferno zone.
11:49 of 1st period - Wrist shot by Andreas Athanasiou.
11:49 of 1st period - Stopped by Christopher Gibson with a rebound.
11:51 of 1st period - Slapshot by Adam Pelech.
11:51 of 1st period - Deflect By Garret Ross.
11:51 of 1st period - Stopped by Christopher Gibson with a rebound.
12:23 of 1st period - Mathieu Brodeur is hit by Carter Ashton and loses puck.
12:46 of 1st period - Jordan Schmaltz is hit by David Savard and loses puck.
13:06 of 1st period - Miikka Salomaki is hit by David Savard and loses puck.
13:13 of 1st period - Matthew Nieto is hit by Garret Ross and loses puck.
13:26 of 1st period - Victor Rask is hit by John Macfarland and loses puck.
13:33 of 1st period - Snap shot by John Macfarland.
13:33 of 1st period - Shot Misses the Net.
13:37 of 1st period - Slapshot by Dylan DeMelo.
13:37 of 1st period - Shot Blocked by Christian Folin.
13:39 of 1st period - Slapshot by Ben Betker.
13:39 of 1st period - Shot Blocked by Greg Pateryn.
14:30 of 1st period - Off-side.
14:31 of 1st period - Kevin Labanc wins face-off versus Andreas Athanasiou in neutral zone.
15:22 of 1st period - Wrist shot by Radek Faksa.
15:22 of 1st period - Shot Misses the Net.
16:20 of 1st period - Snap shot by Victor Rask.
16:20 of 1st period - Shot Blocked by Adam Pelech.
16:22 of 1st period - Wrist shot by Tyler Shattock.
16:22 of 1st period - Stopped by Louis Domingue with a rebound.
16:40 of 1st period - Tanner Pearson is hit by Carter Ashton.
17:11 of 1st period - Snap shot by Victor Rask.
17:11 of 1st period - Shot Misses the Net.
17:48 of 1st period - Slapshot by Anders Lee.
17:48 of 1st period - Stopped by Louis Domingue with a rebound.
17:50 of 1st period - Slapshot by Christian Folin.
17:50 of 1st period - Shot Misses the Net.
18:25 of 1st period - David Savard is hit by Madison Bowey and loses puck.
19:02 of 1st period - David Savard is hit by Adam Pelech.
19:24 of 1st period - Matthew Nieto is hit by Tyler Bertuzzi and loses puck.
19:43 of 1st period - Wrist shot by Radek Faksa.
19:43 of 1st period - Shot Misses the Net.
19:51 of 1st period - Carter Ashton is hit by Christian Folin and loses puck.
Goals for this period are 1 for Inferno vs 2 for Punishers.
Shots for this period are 10 for Inferno vs 12 for Punishers.
2nd period
0:01 of 2nd period - Vladimir Sobotka wins face-off versus Andreas Athanasiou in neutral zone.
0:17 of 2nd period - Icing by Greg Pateryn.
0:18 of 2nd period - John Quenneville wins face-off versus Tanner Pearson in Inferno zone.
0:22 of 2nd period - Icing by Tanner Pearson.
0:23 of 2nd period - Vladimir Sobotka wins face-off versus John Quenneville in Inferno zone.
0:23 of 2nd period - Vladimir Sobotka is hit by Slava Voynov.
0:31 of 2nd period - Snap shot by Vladimir Sobotka.
0:31 of 2nd period - Shot Misses the Net.
0:33 of 2nd period - Snap shot by Christian Folin.
0:33 of 2nd period - Shot Blocked by Nikita Gusev.
0:35 of 2nd period - Slapshot by Tanner Pearson.
0:35 of 2nd period - Deflect By Vladimir Sobotka.
0:35 of 2nd period - Shot Misses the Net.
0:35 of 2nd period - Puck is out of play.
0:36 of 2nd period - Vladimir Sobotka wins face-off versus Andreas Athanasiou in Punishers zone.
0:39 of 2nd period - Snap shot by Tanner Pearson.
0:39 of 2nd period - Goal by Tanner Pearson - Inferno : 2 - Punishers : 2.
0:40 of 2nd period - Vladimir Sobotka wins face-off versus Andreas Athanasiou in neutral zone.
0:57 of 2nd period - Wrist shot by Tanner Pearson.
0:57 of 2nd period - Stopped by Louis Domingue with a rebound.
1:42 of 2nd period - Jordan Schmaltz is hit by Greg Pateryn.
2:31 of 2nd period - Snap shot by Carter Ashton.
2:31 of 2nd period - Shot Misses the Net.
2:33 of 2nd period - Snap shot by Radek Faksa.
2:33 of 2nd period - Shot Blocked by Bryan Rust.
2:35 of 2nd period - Wrist shot by Tyler Bertuzzi.
2:35 of 2nd period - Stopped by Christopher Gibson without a rebound.
2:36 of 2nd period - Andreas Athanasiou wins face-off versus Tanner Pearson in Inferno zone.
2:41 of 2nd period - Snap shot by Miikka Salomaki.
2:41 of 2nd period - Shot Blocked by Esa Lindell.
2:43 of 2nd period - Slapshot by Adam Pelech.
2:43 of 2nd period - Deflect By Miikka Salomaki.
2:43 of 2nd period - Goal by Miikka Salomaki - Inferno : 2 - Punishers : 3.
2:44 of 2nd period - Vladimir Sobotka wins face-off versus Andreas Athanasiou in neutral zone.
2:46 of 2nd period - Off-side.
2:47 of 2nd period - Vladimir Sobotka wins face-off versus Andreas Athanasiou in neutral zone.
2:55 of 2nd period - Slapshot by Slava Voynov.
2:55 of 2nd period - Deflect By Andreas Athanasiou.
2:55 of 2nd period - Stopped by Christopher Gibson with a rebound.
2:57 of 2nd period - Slapshot by Adam Pelech.
2:57 of 2nd period - Deflect By Miikka Salomaki.
2:57 of 2nd period - Shot Misses the Net.
2:57 of 2nd period - Puck is out of play.
2:58 of 2nd period - Andreas Athanasiou wins face-off versus Vladimir Sobotka in Inferno zone.
3:49 of 2nd period - Backhand shot by Nikita Gusev.
3:49 of 2nd period - Goal by Nikita Gusev - Inferno : 2 - Punishers : 4.
3:49 of 2nd period - Michael Hutchinson enters game.
3:50 of 2nd period - Andreas Athanasiou wins face-off versus Vladimir Sobotka in neutral zone.
4:03 of 2nd period - Minor Penalty to Vladimir Sobotka for Cross-checking.
4:04 of 2nd period - Anders Lee wins face-off versus Andreas Athanasiou in Inferno zone.
4:16 of 2nd period - Snap shot by Christian Folin.
4:16 of 2nd period - Shot Blocked by Adam Pelech.
6:03 of 2nd period - Penalty to Vladimir Sobotka is over, Vladimir Sobotka is back on ice.
6:12 of 2nd period - Wrist shot by John Quenneville.
6:12 of 2nd period - Stopped by Michael Hutchinson without a rebound.
6:13 of 2nd period - Victor Rask wins face-off versus John Quenneville in Inferno zone.
6:37 of 2nd period - Minor Penalty to John Quenneville for Hooking.
6:38 of 2nd period - Miikka Salomaki wins face-off versus Anders Lee in Punishers zone.
7:33 of 2nd period - Slapshot by Jordan Schmaltz.
7:33 of 2nd period - Stopped by Michael Hutchinson without a rebound.
7:34 of 2nd period - Anders Lee wins face-off versus Miikka Salomaki in Inferno zone.
7:39 of 2nd period - Madison Bowey is hit by Greg Pateryn.
7:51 of 2nd period - Wrist shot by Garret Ross.
7:51 of 2nd period - Deflect By Carter Ashton.
7:51 of 2nd period - Shot Misses the Net.
7:51 of 2nd period - Puck is out of play.
7:52 of 2nd period - Garret Ross wins face-off versus Victor Rask in Inferno zone.
7:53 of 2nd period - Snap shot by Carter Ashton.
7:53 of 2nd period - Shot Blocked by David Savard.
8:03 of 2nd period - Wrist shot by Garret Ross.
8:03 of 2nd period - Shot Blocked by David Savard.
8:19 of 2nd period - Snap shot by Miikka Salomaki.
8:19 of 2nd period - Shot Misses the Net.
8:36 of 2nd period - Wrist shot by Tanner Pearson.
8:36 of 2nd period - Goal by Tanner Pearson - Inferno : 3 - Punishers : 4.
8:37 of 2nd period - Radek Faksa wins face-off versus Vladimir Sobotka in neutral zone.
8:40 of 2nd period - Snap shot by Adam Pelech.
8:40 of 2nd period - Shot Blocked by Christian Folin.
8:52 of 2nd period - Slapshot by Slava Voynov.
8:52 of 2nd period - Stopped by Michael Hutchinson with a rebound.
9:04 of 2nd period - Adam Pelech is hit by Greg Pateryn and loses puck.
9:13 of 2nd period - Slapshot by Jordan Schmaltz.
9:13 of 2nd period - Stopped by Michael Hutchinson without a rebound.
9:14 of 2nd period - Anders Lee wins face-off versus Andreas Athanasiou in Inferno zone.
10:12 of 2nd period - Icing by Greg Pateryn.
10:13 of 2nd period - Victor Rask wins face-off versus Andreas Athanasiou in Inferno zone.
10:20 of 2nd period - Backhand shot by Christian Folin.
10:20 of 2nd period - Stopped by Louis Domingue with a rebound.
10:46 of 2nd period - Snap shot by Vladimir Sobotka.
10:46 of 2nd period - Shot Misses the Net.
10:48 of 2nd period - Snap shot by Vladimir Sobotka.
10:48 of 2nd period - Goal by Vladimir Sobotka - Inferno : 4 - Punishers : 4.
10:49 of 2nd period - Andreas Athanasiou wins face-off versus Vladimir Sobotka in neutral zone.
11:34 of 2nd period - Snap shot by John Quenneville.
11:34 of 2nd period - Stopped by Michael Hutchinson with a rebound.
11:53 of 2nd period - Daniel Audette is hit by Tyler Shattock and loses puck.
12:36 of 2nd period - Snap shot by Carter Ashton.
12:36 of 2nd period - Shot Misses the Net.
12:54 of 2nd period - Slapshot by John Quenneville.
12:54 of 2nd period - Stopped by Michael Hutchinson with a rebound.
12:56 of 2nd period - Slapshot by Slava Voynov.
12:56 of 2nd period - Shot Misses the Net.
13:06 of 2nd period - Minor Penalty to Philip Varone for High sticking.
13:07 of 2nd period - Vladimir Sobotka wins face-off versus Andreas Athanasiou in Inferno zone.
13:16 of 2nd period - Snap shot by Slava Voynov.
13:16 of 2nd period - Stopped by Michael Hutchinson with a rebound.
13:18 of 2nd period - Slapshot by Adam Pelech.
13:18 of 2nd period - Shot Blocked by Christian Folin.
13:20 of 2nd period - Backhand shot by Adam Pelech.
13:20 of 2nd period - Punishers goal is going for a video replay.
13:20 of 2nd period - The goal is good.
13:20 of 2nd period - Goal by Adam Pelech - Inferno : 4 - Punishers : 5.
13:21 of 2nd period - Andreas Athanasiou wins face-off versus Vladimir Sobotka in neutral zone.
14:12 of 2nd period - Slapshot by Adam Pelech.
14:12 of 2nd period - Stopped by Michael Hutchinson without a rebound.
14:13 of 2nd period - John Quenneville wins face-off versus Vladimir Sobotka in Inferno zone.
15:16 of 2nd period - Christian Folin is hit by Daniel Audette and loses puck.
16:07 of 2nd period - Icing by Anders Lee.
16:08 of 2nd period - Radek Faksa wins face-off versus Anders Lee in Inferno zone.
17:02 of 2nd period - Esa Lindell is hit by Nikita Gusev and loses puck.
17:17 of 2nd period - Victor Rask is hit by Michael Joly and loses puck.
17:21 of 2nd period - Icing by Tyler Shattock.
17:22 of 2nd period - Andreas Athanasiou wins face-off versus Victor Rask in Inferno zone.
17:33 of 2nd period - Wrist shot by Miikka Salomaki.
17:33 of 2nd period - Shot Blocked by Tyler Shattock.
17:39 of 2nd period - Andreas Athanasiou is hit by Tyler Shattock and loses puck.
18:12 of 2nd period - Austen Brassard is hit by Peter Cehlarik and loses puck.
18:17 of 2nd period - Wrist shot by Tyler Shattock.
18:17 of 2nd period - Stopped by Louis Domingue without a rebound.
18:18 of 2nd period - John Quenneville wins face-off versus Vladimir Sobotka in Punishers zone.
18:37 of 2nd period - Slava Voynov is hit by Tanner Pearson and loses puck.
18:57 of 2nd period - Wrist shot by Tanner Pearson.
18:57 of 2nd period - Stopped by Louis Domingue without a rebound.
18:58 of 2nd period - Andreas Athanasiou wins face-off versus Anders Lee in Punishers zone.
19:38 of 2nd period - Radek Faksa is hit by Philip Varone and loses puck.
19:51 of 2nd period - Slapshot by Peter Cehlarik.
19:51 of 2nd period - Deflect By Jordan Schmaltz.
19:51 of 2nd period - Stopped by Louis Domingue with a rebound.
19:57 of 2nd period - Slapshot by Tyler Shattock.
19:57 of 2nd period - Shot Blocked by Jordan Schmaltz.
19:59 of 2nd period - Wrist shot by David Savard.
19:59 of 2nd period - Deflect By Victor Rask.
19:59 of 2nd period - Shot Misses the Net.
19:59 of 2nd period - Puck is out of play.
Goals for this period are 3 for Inferno vs 3 for Punishers.
Shots for this period are 8 for Inferno vs 13 for Punishers.
3rd period
0:01 of 3rd period - Vladimir Sobotka wins face-off versus Andreas Athanasiou in neutral zone.
0:04 of 3rd period - Backhand shot by Christian Folin.
0:04 of 3rd period - Shot Blocked by Slava Voynov.
0:06 of 3rd period - Minor Penalty to Garret Ross for Holding.
0:07 of 3rd period - Anders Lee wins face-off versus Miikka Salomaki in Punishers zone.
0:08 of 3rd period - Slapshot by Esa Lindell.
0:08 of 3rd period - Stopped by Louis Domingue without a rebound.
0:09 of 3rd period - Anders Lee wins face-off versus Miikka Salomaki in Punishers zone.
0:12 of 3rd period - Slapshot by Tanner Pearson.
0:12 of 3rd period - Shot Blocked by Adam Pelech.
0:16 of 3rd period - Slapshot by Anders Lee.
0:16 of 3rd period - Shot Misses the Net.
0:18 of 3rd period - Snap shot by Anders Lee.
0:18 of 3rd period - Stopped by Louis Domingue with a rebound.
0:46 of 3rd period - Wrist shot by Esa Lindell.
0:46 of 3rd period - Shot Misses the Net.
1:56 of 3rd period - Oliver Bjorkstrand is hit by Carter Ashton and loses puck.
2:06 of 3rd period - Penalty to Garret Ross is over, Garret Ross is back on ice.
2:13 of 3rd period - Slapshot by Slava Voynov.
2:13 of 3rd period - Stopped by Michael Hutchinson with a rebound.
2:59 of 3rd period - Minor Penalty to Carter Ashton for Holding.
3:00 of 3rd period - Anders Lee wins face-off versus Miikka Salomaki in Punishers zone.
3:36 of 3rd period - Kevin Labanc is hit by Adam Pelech and loses puck.
3:56 of 3rd period - David Savard is hit by Adam Pelech.
4:02 of 3rd period - Slapshot by Kevin Labanc.
4:02 of 3rd period - Shot Misses the Net.
4:24 of 3rd period - Snap shot by Kevin Labanc.
4:24 of 3rd period - Shot Blocked by Madison Bowey.
4:28 of 3rd period - Slapshot by Matthew Nieto.
4:28 of 3rd period - Shot Misses the Net.
4:32 of 3rd period - Wrist shot by Matthew Nieto.
4:32 of 3rd period - Goal by Matthew Nieto - Inferno : 5 - Punishers : 5.
4:33 of 3rd period - Bryan Rust wins face-off versus Andreas Athanasiou in neutral zone.
4:43 of 3rd period - Wrist shot by Vladimir Sobotka.
4:43 of 3rd period - Stopped by Louis Domingue with a rebound.
4:47 of 3rd period - Wrist shot by Christian Folin.
4:47 of 3rd period - Deflect By Tanner Pearson.
4:47 of 3rd period - Shot Misses the Net.
4:47 of 3rd period - Puck is out of play.
4:48 of 3rd period - Vladimir Sobotka wins face-off versus Radek Faksa in Punishers zone.
5:04 of 3rd period - Wrist shot by Bryan Rust.
5:04 of 3rd period - Stopped by Louis Domingue without a rebound.
5:05 of 3rd period - Garret Ross wins face-off versus Anders Lee in Punishers zone.
5:05 of 3rd period - Garret Ross is hit by Greg Pateryn.
5:34 of 3rd period - Off-side.
5:35 of 3rd period - Vladimir Sobotka wins face-off versus Radek Faksa in neutral zone.
5:38 of 3rd period - Tyler Bertuzzi is hit by Vladimir Sobotka and loses puck.
5:43 of 3rd period - Slapshot by Vladimir Sobotka.
5:43 of 3rd period - Deflect By Bryan Rust.
5:43 of 3rd period - Stopped by Louis Domingue with a rebound.
5:45 of 3rd period - Snap shot by Vladimir Sobotka.
5:45 of 3rd period - Deflect By Bryan Rust.
5:45 of 3rd period - Shot Misses the Net.
5:45 of 3rd period - Puck is out of play.
5:46 of 3rd period - Andreas Athanasiou wins face-off versus Vladimir Sobotka in Punishers zone.
6:01 of 3rd period - Wrist shot by Tanner Pearson.
6:01 of 3rd period - Shot Misses the Net.
6:19 of 3rd period - Slapshot by Esa Lindell.
6:19 of 3rd period - Shot Blocked by Carter Ashton.
6:23 of 3rd period - Snap shot by Kevin Labanc.
6:23 of 3rd period - Stopped by Louis Domingue without a rebound.
6:24 of 3rd period - Radek Faksa wins face-off versus Anders Lee in Punishers zone.
6:24 of 3rd period - Radek Faksa is hit by Kevin Labanc.
6:51 of 3rd period - Off-side.
6:52 of 3rd period - Andreas Athanasiou wins face-off versus Vladimir Sobotka in neutral zone.
6:57 of 3rd period - Wrist shot by Miikka Salomaki.
6:57 of 3rd period - Stopped by Michael Hutchinson without a rebound.
6:58 of 3rd period - Andreas Athanasiou wins face-off versus Vladimir Sobotka in Inferno zone.
7:09 of 3rd period - Wrist shot by David Savard.
7:09 of 3rd period - Stopped by Louis Domingue with a rebound.
7:33 of 3rd period - Slava Voynov is hit by Matt Kassian and loses puck.
8:18 of 3rd period - Wrist shot by John Macfarland.
8:18 of 3rd period - Goal by John Macfarland - Inferno : 5 - Punishers : 6.
8:19 of 3rd period - Vladimir Sobotka wins face-off versus Andreas Athanasiou in neutral zone.
8:22 of 3rd period - Slapshot by David Savard.
8:22 of 3rd period - Deflect By Bryan Rust.
8:22 of 3rd period - Deflect By Garret Ross.
8:22 of 3rd period - Shot Blocked by Andreas Athanasiou.
8:22 of 3rd period - Puck is out of play.
8:23 of 3rd period - Vladimir Sobotka wins face-off versus Andreas Athanasiou in Punishers zone.
8:24 of 3rd period - Snap shot by Bryan Rust.
8:24 of 3rd period - Stopped by Louis Domingue with a rebound.
8:32 of 3rd period - Wrist shot by David Savard.
8:32 of 3rd period - Deflect By Vladimir Sobotka.
8:32 of 3rd period - Shot Misses the Net.
8:32 of 3rd period - Puck is out of play.
8:33 of 3rd period - Andreas Athanasiou wins face-off versus Vladimir Sobotka in Punishers zone.
8:33 of 3rd period - Andreas Athanasiou is hit by Tanner Pearson.
9:24 of 3rd period - Radek Faksa is hit by Oliver Bjorkstrand and loses puck.
10:31 of 3rd period - Wrist shot by Nikita Gusev.
10:31 of 3rd period - Deflect By Austen Brassard.
10:31 of 3rd period - Shot Misses the Net.
10:31 of 3rd period - Puck is out of play.
10:32 of 3rd period - Anders Lee wins face-off versus John Quenneville in Inferno zone.
10:39 of 3rd period - Wrist shot by Anders Lee.
10:39 of 3rd period - Shot Misses the Net.
10:47 of 3rd period - Matt Kassian is hit by John Quenneville and loses puck.
10:58 of 3rd period - David Savard is hit by John Quenneville and loses puck.
11:07 of 3rd period - Snap shot by Kevin Labanc.
11:07 of 3rd period - Stopped by Louis Domingue without a rebound.
11:08 of 3rd period - Vladimir Sobotka wins face-off versus Miikka Salomaki in Punishers zone.
11:17 of 3rd period - Slapshot by Christian Folin.
11:17 of 3rd period - Stopped by Louis Domingue with a rebound.
11:20 of 3rd period - Icing by Slava Voynov.
11:21 of 3rd period - Andreas Athanasiou wins face-off versus Vladimir Sobotka in Punishers zone.
11:40 of 3rd period - Garret Ross is hit by Esa Lindell and loses puck.
11:46 of 3rd period - Off-side.
11:47 of 3rd period - Radek Faksa wins face-off versus Anders Lee in neutral zone.
11:50 of 3rd period - Wrist shot by Radek Faksa.
11:50 of 3rd period - Shot Misses the Net.
12:37 of 3rd period - Snap shot by Miikka Salomaki.
12:37 of 3rd period - Stopped by Michael Hutchinson without a rebound.
12:38 of 3rd period - Victor Rask wins face-off versus Andreas Athanasiou in Inferno zone.
12:38 of 3rd period - Victor Rask is hit by Miikka Salomaki.
12:43 of 3rd period - Icing by Victor Rask.
12:44 of 3rd period - Andreas Athanasiou wins face-off versus Victor Rask in Inferno zone.
13:35 of 3rd period - Wrist shot by Kevin Labanc.
13:35 of 3rd period - Shot Misses the Net.
13:55 of 3rd period - Slapshot by Slava Voynov.
13:55 of 3rd period - Shot Misses the Net.
13:57 of 3rd period - Snap shot by Garret Ross.
13:57 of 3rd period - Goal by Garret Ross - Inferno : 5 - Punishers : 7.
13:58 of 3rd period - Vladimir Sobotka wins face-off versus Andreas Athanasiou in neutral zone.
14:05 of 3rd period - Slapshot by Vladimir Sobotka.
14:05 of 3rd period - Deflect By Bryan Rust.
14:05 of 3rd period - Goal by Bryan Rust - Inferno : 6 - Punishers : 7.
14:06 of 3rd period - Garret Ross wins face-off versus Vladimir Sobotka in neutral zone.
15:02 of 3rd period - Oliver Bjorkstrand is hit by Ben Betker and loses puck.
15:22 of 3rd period - Off-side.
15:23 of 3rd period - Anders Lee wins face-off versus Andreas Athanasiou in neutral zone.
15:35 of 3rd period - Minor Penalty to Anders Lee for Hooking.
15:36 of 3rd period - Vladimir Sobotka wins face-off versus Andreas Athanasiou in Inferno zone.
15:44 of 3rd period - Adam Pelech is hit by Christian Folin and loses puck.
17:35 of 3rd period - Penalty to Anders Lee is over, Anders Lee is back on ice.
19:06 of 3rd period - Slapshot by Miikka Salomaki.
19:06 of 3rd period - Shot Blocked by John Gilmour.
19:22 of 3rd period - Inferno, Michael Hutchinson is pulled from the net.
19:22 of 3rd period - Slapshot by Matthew Nieto.
19:22 of 3rd period - Stopped by Louis Domingue without a rebound.
19:23 of 3rd period - Dan Bylsma call a timeout for Inferno.
19:23 of 3rd period - Andreas Athanasiou wins face-off versus Bryan Rust in Punishers zone.
19:41 of 3rd period - Icing by Bryan Rust.
19:42 of 3rd period - Michael Hutchinson from Inferno was sent back in the game.
19:42 of 3rd period - Andreas Athanasiou wins face-off versus Matthew Nieto in Inferno zone.
19:51 of 3rd period - Inferno, Michael Hutchinson is pulled from the net.
19:51 of 3rd period - Wrist shot by Bryan Rust.
19:51 of 3rd period - Goal by Bryan Rust - Inferno : 7 - Punishers : 7.
19:51 of 3rd period - Michael Hutchinson from Inferno was sent back in the game.
19:52 of 3rd period - Andreas Athanasiou wins face-off versus Philip Varone in neutral zone.
19:55 of 3rd period - Wrist shot by Miikka Salomaki.
19:55 of 3rd period - Stopped by Michael Hutchinson without a rebound.
19:56 of 3rd period - Philip Varone wins face-off versus Andreas Athanasiou in Inferno zone.
19:58 of 3rd period - Icing by Greg Pateryn.
19:59 of 3rd period - Andreas Athanasiou wins face-off versus Philip Varone in Inferno zone.
Goals for this period are 3 for Inferno vs 2 for Punishers.
Shots for this period are 14 for Inferno vs 6 for Punishers.
Overtime #1
0:01 of 1st overtime period - Miikka Salomaki wins face-off versus Anders Lee in neutral zone.
0:22 of 1st overtime period - Esa Lindell is hit by Andreas Athanasiou and loses puck.
0:33 of 1st overtime period - Andreas Athanasiou is hit by Esa Lindell.
0:47 of 1st overtime period - Slapshot by Christian Folin.
0:47 of 1st overtime period - Deflect By Philip Varone.
0:47 of 1st overtime period - Shot Blocked by Adam Pelech.
0:47 of 1st overtime period - Puck is out of play.
0:48 of 1st overtime period - Anders Lee wins face-off versus Garret Ross in Punishers zone.
1:47 of 1st overtime period - Philip Varone is hit by Garret Ross and loses puck.
2:04 of 1st overtime period - Slapshot by Slava Voynov.
2:04 of 1st overtime period - Stopped by Michael Hutchinson with a rebound.
3:23 of 1st overtime period - Ben Betker is hit by Esa Lindell and loses puck.
3:58 of 1st overtime period - Icing by Nikita Gusev.
3:59 of 1st overtime period - Anders Lee wins face-off versus Nikita Gusev in Punishers zone.
4:49 of 1st overtime period - David Savard is hit by Nikita Gusev and loses puck.
Goals for this period are 0 for Inferno vs 0 for Punishers.
Shots for this period are 0 for Inferno vs 1 for Punishers.
ShootOut
5:00 of 1st overtime period - Round #1.
5:00 of 1st overtime period - Inferno, Anders Lee.
5:00 of 1st overtime period - Wrist shot by Anders Lee.
5:00 of 1st overtime period - Stopped by Louis Domingue.
5:00 of 1st overtime period - Punishers, Miikka Salomaki.
5:00 of 1st overtime period - Backhand shot by Miikka Salomaki.
5:00 of 1st overtime period - Stopped by Michael Hutchinson.
5:00 of 1st overtime period - Round #2.
5:00 of 1st overtime period - Inferno, Tanner Pearson.
5:00 of 1st overtime period - Snap shot by Tanner Pearson.
5:00 of 1st overtime period - Goal by Tanner Pearson.
5:00 of 1st overtime period - Punishers, Andreas Athanasiou.
5:00 of 1st overtime period - Snap shot by Andreas Athanasiou.
5:00 of 1st overtime period - Goal by Andreas Athanasiou.
5:00 of 1st overtime period - Round #3.
5:00 of 1st overtime period - Inferno, Oliver Bjorkstrand.
5:00 of 1st overtime period - Snap shot by Oliver Bjorkstrand.
5:00 of 1st overtime period - Stopped by Louis Domingue.
5:00 of 1st overtime period - Punishers, Garret Ross.
5:00 of 1st overtime period - Deke by Garret Ross.
5:00 of 1st overtime period - Stopped by Michael Hutchinson.
5:00 of 1st overtime period - Round #4.
5:00 of 1st overtime period - Inferno, Victor Rask.
5:00 of 1st overtime period - Wrist shot by Victor Rask.
5:00 of 1st overtime period - Goal by Victor Rask.
5:00 of 1st overtime period - Punishers, Carter Ashton.
5:00 of 1st overtime period - Wrist shot by Carter Ashton.
5:00 of 1st overtime period - Goal by Carter Ashton.
5:00 of 1st overtime period - Round #5.
5:00 of 1st overtime period - Inferno, Bryan Rust.
5:00 of 1st overtime period - Snap shot by Bryan Rust.
5:00 of 1st overtime period - Goal by Bryan Rust.
5:00 of 1st overtime period - Punishers, Radek Faksa.
5:00 of 1st overtime period - Snap shot by Radek Faksa.
5:00 of 1st overtime period - Stopped by Michael Hutchinson.
Back to the Top